 Dungeon Crawl Stone Soup version 0.17-a0-1863-g715b4b0 (webtiles) character file.

231 mcbry74 the Chucker (level 5, -1/50 HPs)
             Began as a Troll Hunter on Sept 20, 2015.
             Killed from afar by an orc wizard (4 damage)
             ... with a puff of flame
             ... on level 3 of the Dungeon.
             The game lasted 00:12:41 (1895 turns).

mcbry74 the Chucker (Troll Hunter)                  Turns: 1895, Time: 00:12:41

Health: -1/50      AC:  5    Str: 21    XL:     5   Next: 72%
Magic:  3/3        EV: 10    Int:  7    God:
Gold:   141        SH:  0    Dex: 10    Spells: 0 memorised, 4 levels left

rFire  . . .     SeeInvis .       - Unarmed
rCold  . . .     Clarity  .     d - +0 robe
rNeg   . . .     SustAt   .     (no shield)
rPois  .         Gourm    +     (helmet restricted)
rElec  .         Spirit   .     (no cloak)
rCorr  .         Warding  .     (gloves unavailable)
rMut   .         Stasis   .     (boots unavailable)
MR     .....                    (no amulet)
Stlth  +.........               (no ring)
                                (no ring)

@: not resistant to hostile enchantments, very unstealthy
A: unfitting armour, claws 3, blurry vision 1, fast metabolism 3, gourmand, low
mp 1, regeneration 2, shaggy fur 1, tough skin 2, MP-powered wands
a: no special abilities


You were on level 3 of the Dungeon.
You were not hungry.

You visited 1 branch of the dungeon, and saw 3 of its levels.

You collected 141 gold pieces.

Inventory:

Hand weapons
 c - a +0 short sword
 h - a +0 club
 i - a +0 dagger
 j - a +0 dagger of draining
 l - a +0 hand axe
Missiles
 a - 9 sling bullets
 b - 2 throwing nets (quivered)
 m - 13 stones
Armour
 d - a +0 robe (worn)
Jewellery
 w - an uncursed ring of protection from fire {unknown}
Magical devices
 p - a wand of slowing (27)
Scrolls
 g - 5 scrolls of remove curse {unknown}
 n - a scroll of blinking {unknown}
 o - a scroll of identify {unknown}
 v - a scroll of immolation {unknown}
Potions
 f - a potion of invisibility {unknown}
 q - a potion of lignification {unknown}
 r - a potion of degeneration {unknown}
 s - a potion of curing {unknown}
 u - a potion of magic {unknown}
Comestibles
 e - a bread ration


   Skills:
 * Level 2.5 Fighting
 + Level 4.6 Throwing
 + Level 2.6 Dodging
 + Level 1.2 Stealth
 * Level 2.2 Unarmed Combat


You had 4 spell levels left.
You didn't know any spells.

Dungeon Overview and Level Annotations

Branches:
Dungeon (3/15)

Altars:
Yredelemnul


Innate Abilities, Weirdness & Mutations

You are too large for most types of armour.
You have claws for hands.
Your metabolism is lightning-fast.
You like to eat raw meat.
You heal very quickly.
You are covered in fur (AC +1).
You have very tough skin (AC +2).
Scrolls take you a little longer to read.
Your magical capacity is low (-10% MP).
You expend magic power (3 MP) to strengthen your wands.


Message History

The orc wizard is heavily wounded.
The orc wizard hits you with a dagger.
* * * LOW HITPOINT WARNING * * *
The orc wizard hits you but does no damage.
The orc hits you but does no damage.
You scratch the orc wizard but do no damage.
The orc wizard is heavily wounded.
The orc wizard hits you but does no damage.
The orc wizard completely misses you. The orc completely misses you.
You claw the orc wizard!
You kill the orc wizard!
The orc wizard barely misses you. The orc hits you with a flail.
* * * LOW HITPOINT WARNING * * *
The orc wizard hits you but does no damage.
Things that are here:
a dagger; a robe You barely miss the orc wizard.
The orc barely misses you. The orc wizard casts a spell at you.
The puff of flame hits you!
You die...

###.............### #.
.....#.#.#........
#.#####..#.#.#....... .
...........#.#....... .
..................[..
#..#.##..#.#..###.##
.........#.#..###)#####.
#.....o.................
.....(o@.#.#............
...#(...................
#. #(##.......##..##....
# #. #.##.#..##..##.#..
#. #.##.#..##..##.#..
#.##.#..##..##.#.. ...
.............. ...
.#..#.....##.. #.
#.....##..


You could see an orc wizard and an orc.

Vanquished Creatures
  A sky beast (D:3)
  An orc wizard (D:3)
  An orc priest (D:3)
  Jessica (D:2)
  2 adders (D:2)
  An ooze (D:2)
  A giant gecko (D:2)
  An orc (D:3)
  4 bats
  2 giant cockroaches
  5 hobgoblins
  A quokka (D:3)
  A ball python (D:3)
  2 giant newts (D:1)
  7 goblins
  3 jackals (D:1)
  2 kobolds
  2 rats (D:1)
38 creatures vanquished.

Notes
Turn   | Place    | Note
--------------------------------------------------------------
     0 | D:1      | mcbry74 the Troll Hunter began the quest for the Orb.
     0 | D:1      | Reached XP level 1. HP: 19/19 MP: 0/0
   248 | D:1      | Reached XP level 2. HP: 27/27 MP: 1/1
   623 | D:1      | Reached skill level 4 in Throwing
   771 | D:1      | Reached skill level 1 in Unarmed Combat
   853 | D:2      | Noticed Jessica
   855 | D:2      | Killed Jessica
   855 | D:2      | Reached XP level 3. HP: 33/33 MP: 2/2
   996 | D:2      | Found a basalt altar of Yredelemnul.
  1520 | D:2      | Reached XP level 4. HP: 42/42 MP: 3/3
  1814 | D:3      | Noticed a sky beast
  1829 | D:3      | Killed a sky beast
  1829 | D:3      | Reached skill level 1 in Stealth
  1829 | D:3      | Reached XP level 5. HP: 33/49 MP: 4/4
  1842 | D:3      | Gained mutation: You are agile. (Dex +2) [mutagenic meat]
  1843 | D:3      | Gained mutation: Scrolls take you a little longer to read. [mutagenic meat]
  1844 | D:3      | Gained mutation: You expend magic power (3 MP) to strengthen your wands. [mutagenic meat]
  1845 | D:3      | Gained mutation: Your magical capacity is low (-10% MP). [mutagenic meat]
  1846 | D:3      | Lost mutation: You are agile. (Dex +2) [mutagenic meat]
  1893 | D:3      | HP: 2/50 [orc/flail (4)]
  1895 | D:3      | Killed from afar by an orc wizard

Vault maps used:
D:1:      evilmike_arrival_crescent
D:2:      lemuel_doored_altar, uniq_jessica
D:3:      gup_sewer_entry_bowl

Action                   |  1- 3 |  4- 6 || total
-------------------------+-------+-------++-------
Melee: Unarmed           |    52 |    27 ||    79
       Short sword       |     2 |       ||     2
Throw: Large rock        |     8 |     6 ||    14
       Stone             |    30 |    14 ||    44
       Throwing net      |     1 |       ||     1
 Stab: Sleeping          |     1 |       ||     1
  Eat: Chunk             |     6 |    10 ||    16
       Bread ration      |     1 |       ||     1
       Royal jelly       |     1 |       ||     1
